 Dungeon Crawl Stone Soup version 0.24.0-13-gcf9b319 (webtiles) character file.

Game seed: 5431828907055720219, levelgen mode: deterministic

725 Bob6969 the Covert (level 7, -3/35 HPs)
             Began as a Spriggan Assassin on Mar 21, 2020.
             Was an Initiate of Dithmenos.
             Shot with an arrow by a centaur (9 damage)
             ... on level 5 of the Dungeon.
             The game lasted 00:21:07 (3516 turns).

Bob6969 the Covert (Spriggan Assassin)              Turns: 3516, Time: 00:21:08

Health: -3/35      AC:  3    Str:  7    XL:     7   Next: 43%
Magic:  8/8        EV: 22    Int: 14    God:    Dithmenos [......]
Gold:   169        SH:  0    Dex: 20    Spells: 6/6 levels left

rFire    . . .     SeeInvis +   a - +4 dagger
rCold    . . .     Gourm    .   (shield restricted)
rNeg     . . .     Faith    .   b - +0 robe
rPois    .         Spirit   .   (helmet restricted)
rElec    .         Reflect  .   c - +0 cloak
rCorr    .         Harm     .   (gloves unavailable)
MR       +....                  (boots unavailable)
Stlth    ++++......             g - amulet of regeneration
HPRegen  0.51/turn              (no ring)
MPRegen  0.11/turn              j - +2 ring of intelligence

@: very quick
A: very small, unfitting armour, see invisible, herbivore, speed 3, slow
metabolism 2
a: Renounce Religion


You were on level 5 of the Dungeon.
You worshipped Dithmenos.
Dithmenos was noncommittal.
You were not hungry.

You visited 2 branches of the dungeon, and saw 6 of its levels.

You collected 169 gold pieces.

Inventory:

Hand Weapons
 a - a +4 dagger (weapon)
Missiles
 d - 2 poisoned darts (quivered)
 e - a curare-tipped dart
Armour
 b - a +0 robe (worn)
 c - a +0 cloak (worn)
Jewellery
 g - an amulet of regeneration (around neck)
 j - a +2 ring of intelligence (right hand)
Scrolls
 h - a scroll of identify
 l - 2 scrolls of remove curse
Potions
 i - a potion of lignification
Comestibles
 f - 9 rations


   Skills:
 + Level 2.8 Fighting
 + Level 5.7 Short Blades
 + Level 2.6 Throwing
 + Level 5.6 Dodging
 + Level 8.8 Stealth


You had 6 spell levels left.
You didn't know any spells.
Your spell library was empty.

Dungeon Overview and Level Annotations

Branches:
Dungeon (5/15)             Temple (1/1) D:4

Altars:
Ashenzari
Cheibriados
Dithmenos
Elyvilon
Fedhas
Gozag
Hepliaklqana
Kikubaaqudgha
Makhleb
Nemelex Xobeh
Okawaru
Qazlal
Ru
Sif Muna
Trog
Uskayaw
Vehumet
Wu Jian
Xom
Yredelemnul
Zin
The Shining One

Annotations:
D:4 Grinder


Innate Abilities, Weirdness & Mutations

You are very small and have problems with some larger weapons.
You are too small for most types of armour.
You have supernaturally acute eyesight. (SInv)
You are a herbivore.
You cover ground extremely quickly.
You need to consume almost no food.


Message History

The centaur is poisoned.
The centaur shoots an arrow.
The arrow misses you.
The centaur shoots an arrow.
The arrow hits you.
You see here 2 arrows.
Throwing (i - inventory. (/) - cycle)
d - 4 poisoned darts (quivered)
Press: ? - help, Shift-Dir - straight line, f/p - centaur
Aim: a centaur, wielding a +0 shortbow (lightly wounded, poisoned)
You throw a poisoned dart.
The poisoned dart closely misses the centaur.
The centaur shoots an arrow.
The arrow hits you.
You hear an angry hiss.
Throwing (i - inventory. (/) - cycle)
d - 3 poisoned darts (quivered)
Press: ? - help, Shift-Dir - straight line, f/p - centaur
Aim: a centaur, wielding a +0 shortbow (lightly wounded, poisoned)
You throw a poisoned dart. The poisoned dart hits the centaur.
The centaur looks even sicker.
The centaur is lightly wounded.
The centaur shoots an arrow.
The arrow hits you!
* * * LOW HITPOINT WARNING * * *
The centaur shoots an arrow.
The arrow hits you!
You die...

#....##. . .##..... . #
##.... .# ###.######.
.##..##........
#............#.. ##...# .
####...# ####...# #.
##...# #..(@..#
#.####...># #....#.####
#...#.....# # #.## #.#
##.......# ..#
##.########.........
.<..###..##.............#.
.......(....####..##....#.
..####Oc##### #.###....#.
#....5...# ..# #......
#........# #.## #######


You could see an ogre, a centaur and a crimson imp.

Vanquished Creatures
  Sigmund (D:3)
  An ogre (D:4)
  The ghost of Sin92 the Skirmisher, an amateur DsFi (D:3)
  A scorpion (D:4)
  A centaur skeleton (D:3)
  An orc priest (D:3)
  A bullfrog skeleton (D:4)
  Ijyb (D:5)
  An orc wizard (D:4)
  A killer bee zombie (D:4)
  9 adders
  An ooze (D:2)
  2 adder skeletons
  2 worms
  2 dart slugs
  A leopard gecko (D:4)
  15 orcs
  5 bats
  7 giant cockroaches
  5 goblins
  8 hobgoblins
  6 jackals (D:2)
  5 kobolds
  2 quokkas
  A ball python (D:4)
  4 frilled lizards
  A leopard gecko skeleton (D:4)
  10 rats
96 creatures vanquished.

Notes
Turn   | Place    | Note
-------+----------+-------------------------------------------
     0 | D:1      | Bob6969 the Spriggan Assassin began the quest for the Orb.
     0 | D:1      | Reached XP level 1. HP: 10/10 MP: 2/2
   183 | D:1      | Reached skill level 6 in Stealth
   407 | D:1      | Reached XP level 2. HP: 14/15 MP: 3/3
  1116 | D:2      | Reached XP level 3. HP: 15/18 MP: 4/4
  1396 | D:2      | Reached XP level 4. HP: 23/23 MP: 5/5
  1651 | D:3      | Reached skill level 7 in Stealth
  1758 | D:3      | Noticed Sigmund
  1812 | D:3      | Killed Sigmund
  1812 | D:3      | Reached XP level 5. HP: 26/26 MP: 6/6
  1869 | D:3      | Reached XP level 6. HP: 26/30 MP: 7/7
  1954 | D:3      | Found a runed translucent door.
  1954 | D:3      | Noticed Sin92's ghost (amateur DsFi)
  1976 | D:3      | Killed Sin92's ghost
  1976 | D:3      | Reached skill level 5 in Short Blades
  2062 | D:3      | Reached skill level 8 in Stealth
  2599 | D:4      | Reached skill level 5 in Dodging
  2599 | D:4      | Reached XP level 7. HP: 35/35 MP: 8/8
  2888 | D:4      | Found a staircase to the Ecumenical Temple.
  2902 | Temple   | Entered the Ecumenical Temple
  2975 | Temple   | Became a worshipper of Dithmenos the Shadowed
  3011 | D:4      | Noticed Grinder
  3287 | D:4      | Found a sparkling altar of Nemelex Xobeh.
  3452 | D:5      | Entered Level 5 of the Dungeon
  3491 | D:5      | Noticed Ijyb
  3495 | D:5      | Killed Ijyb
  3516 | D:5      | Shot with an arrow by a centaur

Levels and vault maps discovered:
D:1:      dpeg_arrival_renting, layout_basic
D:2:      layout_rooms
D:3:      layout_rooms, first_ration, ebering_ghost_reflecting_pool,
          uniq_sigmund
D:4:      layout_cave_pools, nemelex_xobeh_ov_fountains_minmay,
          minmay_temple_entry_ruins, uniq_grinder
D:5:      layout_rooms, uniq_ijyb
Temple:   dpeg_three_leaves_temple

Skill      XL: |  1  2  3  4  5  6 |
---------------+-------------------+-----
Stealth        | 6 7 8 |  8.8
Dodging        | 2 3 5 |  5.6
Short Blades   | 3 4 5 |  5.7
Fighting       | 2 |  2.8
Throwing       | |  2.6

Action                   |  1- 3 |  4- 6 |  7- 9 || total
-------------------------+-------+-------+-------++-------
Melee: Dagger            |   170 |   128 |   100 ||   398
Throw: Dart              |       |     9 |    17 ||    26
  Use: Scroll            |     6 |     3 |     1 ||    10
       Potion            |     1 |     4 |     2 ||     7
 Stab: Sleeping          |     4 |     9 |     6 ||    19
  Eat: Ration            |       |       |     1 ||     1
Armor: Robe              |    19 |     4 |     6 ||    29
       Skin              |       |       |     6 ||     6
Dodge: Dodged            |   113 |    86 |    87 ||   286
